 Dungeon Crawl Stone Soup version 0.24-a0-539-g6aae15eeb0 (webtiles) character file.

Game seed: 15076041085606340171

13167 Chiseanne the Blocker (level 11, -1/68 HPs)
             Began as a Demonspawn Wizard on Aug 17, 2019.
             Was a Priest of Vehumet.
             Slain by Jorgrun
             ... wielding a +0 quarterstaff of crushing
              (3 damage)
             ... while petrified by Jorgrun
             ... on level 12 of the Dungeon.
             The game lasted 00:41:07 (15822 turns).

Chiseanne the Blocker (Demonspawn Wizard)          Turns: 15822, Time: 00:41:08

Health: -1/68      AC: 11    Str: 15    XL:     11   Next: 72%
Magic:  7/24       EV:  2    Int: 23    God:    Vehumet [***...]
Gold:   107        SH:  0    Dex: 11    Spells: 13/28 levels left

rFire    . . .     SeeInvis .   a - +1 dagger (venom)
rCold    . . .     Gourm    .   t - +4 shield {AC+3}
rNeg     + + +     Faith    .   X - +0 troll leather armour
rPois    ∞         Spirit   .   b - +0 hat
rElec    .         Reflect  .   E - +0 cloak
rCorr    .         Harm     .   O - +0 pair of gloves {Str+3}
MR       .....                  (no boots)
Stlth    +.........             T - amulet of magic regeneration
HPRegen  0.61/turn              Y - +4 ring of strength
MPRegen  0.44/turn              (no ring)

@: petrified
A: thin metallic scales 1, powered by death 1, spiny 2
a: Renounce Religion


You were on level 12 of the Dungeon.
You worshipped Vehumet.
Vehumet was most pleased with you.
You were hungry.

You visited 2 branches of the dungeon, and saw 13 of its levels.
You also visited: Sewer, Ossuary and Bailey.

You collected 747 gold pieces.
You spent 640 gold pieces at shops.

Inventory:

Hand Weapons
 a - a +1 dagger of venom (weapon)
 e - a +2 vampiric dagger
 s - a +2 hand axe of electrocution
 K - a +1 mace of protection
 L - a cursed +3 short sword of freezing
 N - the +0 fustibalus of Xom's Envy {flame, MR++ Str-2 Int+3}
   (You bought it in a shop on level 12 of the Dungeon)

   It causes projectiles fired from it to burn those they strike, causing extra
   injury to most foes and up to half again as much damage against particularly
   susceptible opponents.
   It affects your strength (-2).
   It affects your intelligence (+3).
   It affects your resistance to hostile enchantments.
 Q - a +1 short sword of flaming
 R - a +2 flail of protection
 U - a +0 war axe of chopping
 Z - a +2 dagger of speed
Missiles
 c - 186 sling bullets
 o - 47 poisoned darts (quivered)
 p - 22 boomerangs
 x - 2 javelins
 C - 72 bolts
Armour
 b - a +0 hat (worn)
 t - a +4 shield of protection (worn)
 E - a +0 cloak (worn)
 F - a +2 robe of positive energy
 O - a +0 pair of gloves of strength (worn)
 X - a +0 troll leather armour (worn)
Magical Staves
 B - an uncursed staff of cold
Jewellery
 M - a +5 ring of protection {unknown}
 T - an amulet of magic regeneration (around neck)
 Y - a +4 ring of strength (left hand)
Wands
 k - a wand of iceblast (13)
 y - a wand of flame (20)
 z - a wand of enslavement (8)
 A - a wand of paralysis (14)
 P - a wand of acid (12)
Scrolls
 f - 2 scrolls of blinking
 l - 3 scrolls of fog
 m - 5 scrolls of amnesia
 q - 5 scrolls of remove curse
 r - a scroll of vulnerability
 v - 2 scrolls of immolation
 J - 4 scrolls of teleportation
Potions
 g - a potion of lignification
 h - a potion of mutation
 i - 5 potions of curing
 n - 4 potions of ambrosia
 u - 3 potions of brilliance
 w - a potion of invisibility {unknown}
 G - a potion of agility
 H - a potion of degeneration {unknown}
 I - a potion of flight {unknown}
 S - a potion of experience {unknown}
 V - a potion of heal wounds {unknown}
 W - 2 potions of haste
Comestibles
 d - 21 rations
 j - 2 chunks of flesh


   Skills:
 - Level 1.7 Dodging
 - Level 1.7 Stealth
 * Level 11.9 Shields
 * Level 9.4 Spellcasting
 * Level 9.8 Conjurations
   Level 1.0 Summonings
 - Level 0.8 Translocations


You had 13 spell levels left.
You knew the following spells:

 Your Spells              Type           Power        Failure   Level  Hunger
a - Magic Dart            Conj           ####         1%          1    None
b - Dazzling Spray        Conj/Hex       ####..       1%          3    None
c - Stone Arrow           Conj/Erth      ####..       1%          3    None
d - Mephitic Cloud        Conj/Pois/Air  ####....     2%          3    None
e - Conjure Flame         Conj/Fire      ####....     1%          3    None
f - Blink                 Tloc           N/A          12%         2    None

Your spell library contained the following spells:

 Spells                   Type           Power        Failure   Level  Hunger
 Call Imp                 Summ           ###.....     11%         2    None
 Slow                     Hex            ##......     17%         2    None


Dungeon Overview and Level Annotations

Branches:
Dungeon (12/15)            Temple (1/1) D:6            Lair (0/6) D:11
    Orc (0/2) D:11

Altars:
Cheibriados
Dithmenos
Fedhas
Makhleb
Nemelex Xobeh
Okawaru
Ru
Uskayaw
Vehumet
Wu Jian
Xom

Shops:
D:12 (

Annotations:
D:10 3 runed translucent doors, DavidChitty2's ghost, novice DrCj; GordonOverkill's ghost, novice DEBe
D:12 Jorgrun


Innate Abilities, Weirdness & Mutations

You are partially covered in thin metallic scales. (AC +2)
You regenerate a little health from kills.
You are mostly covered in sharp spines.


Message History

Unknown command.
Evoke which item? (* to show all) (? for menu, Esc to quit)
Aiming: Disintegrate
Press: ? - help, Shift-Dir - straight line, f/p - Jorgrun
Aim: Jorgrun, wielding a +0 quarterstaff of crushing and wearing a +1 robe (moderately wounded, poisoned, chance to defeat MR: 1%) Jorgrun resists with almost no effort.
The now-empty wand crumbles to dust.
Jorgrun hits you with a +0 quarterstaff of crushing!
* * * LOW HITPOINT WARNING * * *
You have turned to stone.
Jorgrun gestures at you while chanting. Jorgrun casts a spell at you.
Jorgrun hits you with a +0 quarterstaff of crushing.
* * * LOW HITPOINT WARNING * * *
Jorgrun casts a spell at you.
Jorgrun hits you with a +0 quarterstaff of crushing!
* * * LOW HITPOINT WARNING * * *
x2 Jorgrun hits you but does no damage.
Jorgrun hits you with a +0 quarterstaff of crushing!
* * * LOW HITPOINT WARNING * * *
You die...

** **##....# # ,*
***#,,.(...# #
,***,,..##....# #
,,,,,**.......# # ,*****
#.....# # ,* #((..# # ,*
#.†..# ################
,*
#....####..............'
,*
#.....g@..##############
,* #...>.##### # **
##.###. #.** ## #.,*
#*,* *,* #### ###+##
...# #....#


You could see Jorgrun.

Vanquished Creatures
  A two-headed ogre (D:10)
  Pikel (D:7)
  2 unseen horrors (D:10)
  An orc knight (Bailey)
  An ugly thing (D:10)
  2 manticores (D:12)
  2 centaur zombies (D:11)
  A troll (D:11)
  5 hippogriffs
  A water elemental (D:11)
  11 yaks
  A human (D:7)
  A basilisk (D:11)
  4 hogs (D:7)
  2 hungry ghosts
  Menkaure (D:7)
  9 orc warriors
  2 ice beasts
  A hornet zombie (D:11)
  2 slaves (D:7)
  2 black bears
  2 sky beasts
  3 wolves (D:11)
  A centaur (D:11)
  4 ogres
  3 bullfrogs
  A wyvern skeleton (D:8)
  5 scorpions
  10 killer bees
  7 wights
  2 howler monkeys
  3 electric eels (D:11)
  5 crimson imps
  A jelly (D:9)
  A bullfrog zombie (D:8)
  A quasit (D:11)
  5 orc priests
  6 hounds
  9 orc wizards
  2 bullfrog skeletons (D:10)
  Crazy Yiuf (D:5)
  Jessica (D:2)
  2 iguanas
  Natasha (thrice) (D:3)
  8 worker ants
  A hound zombie (D:11)
  2 hound skeletons (D:6)
  4 mummies
  15 adders
  2 shadow imps
  8 oozes
  2 adder skeletons
  An adder zombie (D:5)
  5 worms
  18 leopard geckos
  46 orcs
  13 ball pythons
  9 bats
  12 giant cockroaches
  2 gnoll zombies (Ossuary)
  5 goblins
  12 hobgoblins
  15 jackals
  4 quokkas
  10 frilled lizards
  3 hobgoblin zombies (Ossuary)
  8 kobolds
  2 orc zombies (Ossuary)
  10 rats
348 creatures vanquished.

Vanquished Creatures (others)
  A slave (D:7)
  A jackal (D:7)
2 creatures vanquished.

Grand Total: 350 creatures vanquished

Notes
Turn   | Place    | Note
-------+----------+-------------------------------------------
     0 | D:1      | Chiseanne the Demonspawn Wizard began the quest for the
                  | Orb.
     0 | D:1      | Reached XP level 1. HP: 13/13 MP: 4/4
   332 | D:1      | Gained mutation: You are partially covered in sharp spines.
                  | [demonic ancestry]
   332 | D:1      | Reached XP level 2. HP: 19/19 MP: 1/6
   855 | D:1      | Reached XP level 3. HP: 24/24 MP: 4/8
  1400 | D:1      | Learned a level 2 spell: Blink
  1404 | D:1      | Learned a level 3 spell: Conjure Flame
  1408 | D:1      | Learned a level 3 spell: Mephitic Cloud
  1962 | D:2      | Reached XP level 4. HP: 30/30 MP: 1/9
  1967 | D:2      | Noticed Jessica
  2042 | D:2      | Killed Jessica
  2298 | D:2      | Found a sacrificial altar of Ru.
  2300 | D:2      | Found a snail-covered altar of Cheibriados.
  2300 | D:2      | Found a burning altar of Makhleb.
  2359 | D:2      | Found a shimmering altar of Xom.
  2359 | D:2      | Found a sparkling altar of Nemelex Xobeh.
  2359 | D:2      | Found a shimmering altar of Xom.
  2964 | D:3      | Gained mutation: You regenerate a little health from kills.
                  | [demonic ancestry]
  2964 | D:3      | Reached XP level 5. HP: 28/35 MP: 0/11
  3128 | D:3      | Noticed Natasha
  3136 | D:3      | Killed Natasha
  3308 | D:3      | Noticed Natasha
  3318 | D:3      | Killed Natasha
  3640 | D:3      | Noticed Natasha
  3651 | D:3      | Killed Natasha
  3830 | D:4      | Reached XP level 6. HP: 20/41 MP: 1/13
  4129 | D:4      | Found a sand-covered staircase.
  4140 | Ossuary  | Entered an ossuary
  4321 | Ossuary  | Reached skill level 5 in Spellcasting
  4789 | D:4      | Reached skill level 5 in Conjurations
  5159 | D:4      | Reached XP level 7. HP: 46/46 MP: 9/15
  5535 | D:5      | Entered Level 5 of the Dungeon
  5759 | D:5      | Found a glowing drain.
  5769 | Sewer    | Entered a sewer
  6549 | D:5      | Found a runed translucent door.
  6550 | D:5      | Noticed Crazy Yiuf
  6558 | D:5      | Killed Crazy Yiuf
  6875 | D:5      | Gained mutation: You are mostly covered in sharp spines.
                  | [demonic ancestry]
  6875 | D:5      | Reached XP level 8. HP: 52/52 MP: 9/18
  7109 | D:5      | Found a blossoming altar of Fedhas.
  7122 | D:5      | Found a sacrificial altar of Ru.
  7123 | D:5      | Found a burning altar of Makhleb.
  7499 | D:6      | Found a staircase to the Ecumenical Temple.
  7508 | Temple   | Entered the Ecumenical Temple
  7516 | Temple   | Became a worshipper of Vehumet
  8684 | D:7      | Noticed a hippogriff
  8702 | D:7      | Noticed a hippogriff
  8803 | D:7      | Found a shadowy altar of Dithmenos.
  8991 | D:7      | Noticed Menkaure
  9011 | D:7      | Noticed Pikel
  9258 | D:7      | Killed a hippogriff
  9500 | D:7      | Killed Pikel
  9500 | D:7      | Reached XP level 9. HP: 24/57 MP: 5/21
 10016 | D:7      | Killed Menkaure
 10059 | D:7      | Found a shadowy altar of Dithmenos.
 10394 | D:8      | Reached * piety under Vehumet
 10394 | D:8      | Offered knowledge of Shock by Vehumet.
 10431 | D:8      | Found a hide-covered altar of Uskayaw.
 10457 | D:8      | Found a shimmering altar of Xom.
 10486 | D:8      | Reached skill level 1 in Shields
 10546 | D:8      | Reached skill level 2 in Shields
 10616 | D:8      | Reached skill level 3 in Shields
 10757 | D:8      | Noticed a two-headed ogre
 10768 | D:8      | Noticed a lindwurm
 10768 | D:8      | a two-headed ogre changed into a lindwurm
 11208 | D:9      | Reached skill level 4 in Shields
 11208 | D:9      | Gained mutation: You are partially covered in thin metallic
                  | scales. (AC +2) [demonic ancestry]
 11208 | D:9      | Reached XP level 10. HP: 56/63 MP: 14/23
 11932 | D:9      | Found an ornate altar of the Wu Jian Council.
 11989 | D:10     | Entered Level 10 of the Dungeon
 12008 | D:10     | Reached skill level 5 in Shields
 12029 | D:10     | Offered knowledge of Throw Flame by Vehumet.
 12029 | D:10     | Reached skill level 6 in Shields
 12152 | D:10     | Found a runed translucent gate.
 12152 | D:10     | Found a runed translucent gate.
 12152 | D:10     | Found a runed translucent gate.
 12153 | D:10     | Noticed DavidChitty2's ghost (novice DrCj)
 12153 | D:10     | Noticed GordonOverkill's ghost (novice DEBe)
 12162 | D:10     | Noticed a two-headed ogre
 12179 | D:10     | Killed a two-headed ogre
 12179 | D:10     | Reached skill level 7 in Shields
 12281 | D:10     | Identified the +2 robe of Kost {*Contam rPois rN+++ MP-9}
 12291 | D:10     | Reached ** piety under Vehumet
 12418 | D:10     | Noticed a green ugly thing
 12430 | D:10     | Killed a green ugly thing
 12709 | D:10     | Got a scorched great sword
 12794 | D:10     | Reached skill level 8 in Shields
 13045 | D:10     | Killed an unseen horror
 13050 | D:10     | Killed an unseen horror
 13050 | D:10     | Reached skill level 9 in Shields
 13057 | D:10     | Reached XP level 11. HP: 68/68 MP: 2/24
 14045 | D:11     | Reached skill level 10 in Shields
 14069 | D:11     | Offered knowledge of Dazzling Spray by Vehumet.
 14193 | D:11     | Learned a level 3 spell: Dazzling Spray
 14261 | D:11     | Found a staircase to the Lair.
 14496 | D:11     | Reached *** piety under Vehumet
 14598 | D:11     | Found a staircase to the Orcish Mines.
 15245 | D:12     | Found a flagged portal.
 15260 | D:12     | Reached skill level 11 in Shields
 15280 | Bailey   | Entered a bailey
 15491 | Bailey   | Noticed an orc knight
 15496 | Bailey   | Killed an orc knight
 15496 | Bailey   | Offered knowledge of Stone Arrow by Vehumet.
 15504 | Bailey   | Learned a level 3 spell: Stone Arrow
 15662 | D:12     | Found Jutaoles's Antique Weapon Emporium.
 15706 | D:12     | Bought a fine fustibalus for 640 gold pieces
 15717 | D:12     | Identified the cursed +0 fustibalus of Xom's Envy {flame,
                  | MR++ Str-2 Int+3} (You bought it in a shop on level 12 of
                  | the Dungeon)
 15797 | D:12     | Noticed Jorgrun
 15822 | D:12     | HP: 2/68 [Jorgrun/+0 quarterstaff of crushing (8)]
 15822 | D:12     | Slain by Jorgrun

Levels and vault maps discovered:
D:1:      wheals_arrival_linesprint, layout_loops_ring
D:2:      layout_loops_ring, doesnt_xom_only_xom, minmay_pentomino_z4,
          uniq_jessica
D:3:      kb_forest_paths, layout_rooms, hangedman_abyss_or_decor_lesser_grid,
          uniq_natasha
D:4:      minmay_opposing_rooms, layout_loops_ring, first_ration,
          chequers_ossuary_entry_cave
D:5:      layout_basic, minitemple, cheibrodos_sewer_entry_sluice,
          uniq_crazy_yiuf_cottage
D:6:      layout_cave_pods, minmay_temple_entry_ruins, corexii_hall_statues_l
D:7:      layout_cave_pools, nicolae_dithmenos_through_a_glass_darkly,
          serial_column_ruins, column_ruins_hut, column_ruins_temple_hall,
          column_ruins_corridor_dead_end, column_ruins_grid_3,
          column_ruins_corridor_dead_end, column_ruins_corridor_straight,
          column_ruins_grid_1, column_ruins_grid_1, grunt_livestock, uniq_pikel,
          uniq_menkaure
D:8:      layout_basic, lemuel_doored_altar, basic_altar,
          kennysheep_cross_bottleneck
D:9:      layout_roguey, nicolae_overflow_hidden_temple, st_stairs_6
D:10:     layout_loops_ring, gammafunk_ghost_cemetery
D:11:     layout_roguey, erik_lair_island, david_orc_2
D:12:     layout_roguey, serial_shops, shop_fountains, enter_bailey_6,
          uniq_jorgrun
Temple:   regret_index_temple_waves

Skill      XL: |  1  2  3  4  5  6  7  8  9 10 11 |
---------------+----------------------------------+-----
Conjurations   | 2 3 4 5 6 8 9 |  9.8
Spellcasting   | 4 5 6 8 9 |  9.4
Shields        | 4 9 11 | 11.9
Dodging        | |  1.7
Stealth        | |  1.7
Summonings     | |  1.0
Translocations | |  0.8

Action                   |  1- 3 |  4- 6 |  7- 9 | 10-12 || total
-------------------------+-------+-------+-------+-------++-------
Melee: Club              |    13 |       |       |       ||    13
       Hand axe          |    17 |    10 |       |    23 ||    50
       Quarterstaff      |       |    20 |     4 |       ||    24
       Dagger            |       |     2 |    76 |    79 ||   157
 Fire: Fustibalus        |       |       |       |     3 ||     3
Throw: Dart              |    11 |       |       |     5 ||    16
 Cast: Magic Dart        |   107 |   173 |   301 |   306 ||   887
       Mephitic Cloud    |       |     4 |    18 |    31 ||    53
       Blink             |       |     1 |     1 |     3 ||     5
       Conjure Flame     |       |       |       |    25 ||    25
       Stone Arrow       |       |       |       |    13 ||    13
       Dazzling Spray    |       |       |       |     4 ||     4
Evoke: Wand              |       |       |    23 |    17 ||    40
  Use: Scroll            |     5 |     6 |    10 |     5 ||    26
       Potion            |       |       |     1 |       ||     1
 Stab: Confused          |       |     1 |     3 |     5 ||     9
       Paralysed         |       |       |     8 |       ||     8
       Sleeping          |       |       |     1 |     2 ||     3
  Eat: Chunk             |     3 |    10 |    18 |    13 ||    44
       Ration            |       |       |     1 |       ||     1
Armor: Robe              |     8 |     8 |    23 |    36 ||    75
       Troll leather arm |       |       |       |     2 ||     2
Dodge: Dodged            |    39 |    47 |    48 |    38 ||   172
Block: Shield            |       |       |    16 |    89 ||   105

Table legend:
 A = Non-vault XP
 B = Vault XP
 C = Vault XP percentage of total XP
 D = Non-vault monster count
 E = Vault monster count
 F = Vault count percentage of total count
                 A         B        C        D         E       F
            +---------+---------+-------+---------+---------+-------
      Total |   14340 |    4471 |  23.8 |     231 |     115 |  33.2
            +---------+---------+-------+---------+---------+-------
        D:1 |      56 |       0 |   0.0 |      34 |       0 |   0.0
        D:2 |      53 |      43 |  44.8 |      20 |       5 |  20.0
        D:3 |     129 |      62 |  32.5 |      14 |       7 |  33.3
        D:4 |     246 |     205 |  45.5 |      12 |       8 |  40.0
        D:5 |     283 |      47 |  14.2 |       7 |       4 |  36.4
        D:6 |     553 |       0 |   0.0 |      14 |       0 |   0.0
        D:7 |     919 |    1590 |  63.4 |      12 |       7 |  36.8
        D:8 |     695 |       0 |   0.0 |      13 |       0 |   0.0
        D:9 |     902 |      13 |   1.4 |      19 |       1 |   5.0
       D:10 |    5329 |       0 |   0.0 |      39 |       0 |   0.0
       D:11 |    2462 |     889 |  26.5 |      34 |      14 |  29.2
       D:12 |    2713 |       0 |   0.0 |      13 |       0 |   0.0
      Sewer |       0 |     312 | 100.0 |       0 |      47 | 100.0
    Ossuary |       0 |      27 | 100.0 |       0 |       8 | 100.0
     Bailey |       0 |    1283 | 100.0 |       0 |      14 | 100.0
            +---------+---------+-------+---------+---------+-------
